 Dungeon Crawl Stone Soup version 0.28-a0-1182-g381e24db82 (webtiles) character file.

Game seed: 4656902477405376807

255851 BinkBink the Warrior (level 20, -2/142 HPs)
             Began as a Tengu Monk on Dec 17, 2021.
             Was the Champion of the Shining One.
             Slain by a +6 war axe of distortion (26 damage)
             ... on level 2 of the Elven Halls.
             The game lasted 02:25:51 (50471 turns).

BinkBink the Warrior (Tengu Monk)                  Turns: 50471, Time: 02:25:55

Health: -2/142     AC:  9    Str: 13    XL:     20   Next: 22%
Magic:  0/28       EV: 38    Int: 13    God:    the Shining One [******]
Gold:   1989       SH:  0    Dex: 22    Spells: 19/19 levels left

rFire   . . .      SeeInvis .   G - +9 glaive of Compound Interest {flame, Int+2 Stlth+}
rCold   . . .      Faith    .   (shield currently unavailable)
rNeg    + + +      Spirit   +   w - +0 troll leather armour
rPois   .          Reflect  .   H - +0 hat
rElec   .          Harm     .   g - +0 cloak
rCorr   +          Rampage  .   (no gloves)
Will    +....      Rage     1%  (boots unavailable)
Stlth   +++....... Rnd*Tele +   u - amulet "Keakimmi" {Spirit MP+9}
HPRegen 1.13/turn               O - ring of resist corrosion
MPRegen 0.21/turn               J - +4 ring of evasion

@: mighty, flying quickly and evasively, glowing, quick
A: beak, talons 3, nimble flight, berserk 1, dopey 1, low mp 1, teleportitis 1,
subdued magic 2
}: 1/15 runes: gossamer
a: Renounce Religion, Divine Shield, Cleansing Flame, Summon Divine Warrior,
Brand Weapon With Holy Wrath


You were on level 2 of the Elven Halls.
You worshipped the Shining One.
The Shining One was exalted by your worship.
You visited 8 branches of the dungeon, and saw 38 of its levels.
You visited 1 bazaar.
You also visited: Bailey and Ice Cave.

You collected 3205 gold pieces.
You spent 1216 gold pieces at shops.

Inventory:

Hand Weapons
 m - the +6 halberd of Olosch Ippo {vorpal, rC+ Str+2}
   (You bought it in a shop on level 6 of the Dungeon)

   It inflicts extra damage upon your enemies.
   Str:       It affects your strength (+2).
   rC:        It protects you from cold.
 F - a +6 trident of protection
 G - the +9 glaive of Compound Interest (weapon) {flame, Int+2 Stlth+}
   (You bought it in a shop on level 1 of the Shoals)

   It burns those it strikes, dealing additional fire damage.
   Big, fiery blades are also staple armaments of hydra-hunters.
   Int:       It affects your intelligence (+2).
   Stlth:     It makes you more stealthy.
Armour
 c - a +4 plate armour
 g - a +0 cloak (worn)
 o - a +3 plate armour of fire resistance
 w - a +0 troll leather armour (worn)
 H - a +0 hat (worn)
Jewellery
 a - the ring "Koohyxtua" {Ice Dex+2 Slay+3}
   (You found it in an ice cave)

   [ring of ice]

   It enhances your ice magic.
   Dex:       It affects your dexterity (+2).
   Slay:      It affects your accuracy & damage with ranged weapons and melee
   (+3).
   rF:        It makes you vulnerable to fire.
   rC:        It protects you from cold.
 d - a +6 ring of strength
 e - a +6 ring of dexterity
 u - the amulet "Keakimmi" (around neck) {Spirit MP+9}
   (You found it on level 7 of the Dungeon)

   [amulet of guardian spirit]

   It causes incoming damage to be divided between your reserves of health and
   magic.
   MP:        It affects your magic capacity (+9).
 A - a +4 ring of slaying
 J - a +4 ring of evasion (right hand)
 O - a ring of resist corrosion (left hand)
 U - an amulet of reflection
 W - a ring of willpower
Wands
 l - a wand of acid (7)
 s - a wand of polymorph (7)
 v - a wand of digging (12)
 B - a wand of paralysis (24)
 D - a wand of flame (60)
 I - a wand of charming (16)
 N - a wand of iceblast (10)
Scrolls
 f - 9 scrolls of teleportation
 i - 3 scrolls of vulnerability
 j - 6 scrolls of enchant weapon
 n - 7 scrolls of fear
 q - 8 scrolls of noise
 x - 7 scrolls of identify
 y - 3 scrolls of immolation
 E - a scroll of silence
 K - a scroll of summoning
 L - 4 scrolls of amnesia
 M - 4 scrolls of magic mapping
 Q - a scroll of fog
 T - a scroll of brand weapon
 V - 6 scrolls of enchant armour
 Y - a scroll of acquirement
Potions
 h - 2 potions of resistance
 k - 2 potions of mutation
 r - 6 potions of ambrosia
 t - a potion of lignification
 z - 5 potions of cancellation
 C - 6 potions of curing
 P - 4 potions of brilliance
 S - a potion of haste
 X - 3 potions of magic
Miscellaneous
 b - a lightning rod (4/4)
 Z - a piece from Xom's chessboard (15/15)


   Skills:
 - Level 20.6 Fighting
 - Level 16.0 Polearms
 - Level 18.1 Armour
 + Level 20.6 Dodging
 + Level 13.6 Stealth


You had 19 spell levels left.
You didn't know any spells.
Your spell library contained the following spells:

 Spells                   Type           Power      Damage    Failure   Level
 Animate Skeleton         Necr           0%         N/A       26%         1
 Apportation              Tloc           0%         N/A       26%         1
 Freeze                   Ice            0%         1d3       26%         1
 Pain                     Necr           0%         1d4       26%         1
 Sandblast                Erth           0%         2d4       26%         1
 Shock                    Conj/Air       0%         1d3       26%         1
 Summon Small Mammal      Summ           0%         N/A       26%         1
 Blink                    Tloc           0%         N/A       38%         2
 Passwall                 Tmut/Erth      0%         N/A       38%         2
 Call Canine Familiar     Summ           0%         N/A       63%         3
 Frozen Ramparts          Ice            0%         1d2       63%         3
 Lesser Beckoning         Tloc           0%         N/A       63%         3
 Portal Projectile        Hex/Tloc       0%         N/A       63%         3
 Stone Arrow              Conj/Erth      0%         3d7       63%         3
 Summon Guardian Golem    Hex/Summ       0%         N/A       63%         3
 Swiftness                Air            0%         N/A       63%         3
 Vampiric Draining        Necr           0%         2d6       63%         3
 Airstrike                Air            0%         N/A       96%         4
 Animate Dead             Necr           0%         N/A       96%         4
 Cause Fear               Hex            0%         N/A       96%         4
 Hailstorm                Conj/Ice       0%         3d3       96%         4
 Petrify                  Tmut/Erth      0%         N/A       96%         4
 Blade Hands              Tmut           0%         N/A       100%        5
 Borgnjor's Vile Clutch   Necr/Erth      0%         N/A       100%        5
 Excruciating Wounds      Necr           0%         N/A       100%        5
 Manifold Assault         Tloc           0%         N/A       100%        5
 Metabolic Englaciation   Hex/Ice        0%         N/A       100%        5
 Death Channel            Necr           0%         N/A       100%        6
 Iron Shot                Conj/Erth      0%         9d1       100%        6
 Simulacrum               Ice/Necr       0%         N/A       100%        6
 Dragon Form              Tmut           0%         N/A       100%        7
 Haunt                    Necr/Summ      0%         N/A       100%        7
 Infestation              Necr           0%         N/A       100%        8
 Dragon's Call            Summ           0%         N/A       100%        9


Dungeon Overview and Level Annotations

Branches:
Dungeon (15/15)            Temple (0/1) D:4            Lair (6/6) D:11
 Shoals (3/4) Lair:2       Spider (4/4) Lair:4        Slime (5/5) Lair:6
    Orc (2/2) D:10            Elf (2/3) Orc:2        Vaults (1/5) D:14
 Depths (0/4) D:15         Bailey (visited)           IceCv (visited)

Altars:
Gozag
Okawaru
Qazlal
Trog
Uskayaw
Vehumet
Yredelemnul
The Shining One
Beogh
Jiyva

Shops:
D:3 *   D:6 (   D:8 [   D:14 !   Orc:2 [[(=   Shoals:1 *[(*(:((   Vaults:1 !

Portals:
Abyss: Lair:2

Annotations:
Lair:2 Wics's ghost, journeyman OpVM
Shoals:3 Polyphemus
Slime:5 Royal Jelly
Elf:1 3 runed translucent doors, Jorgrun
Vaults:1 Nikola


Innate Abilities, Weirdness & Mutations

You have a beak for a mouth.
You have claws for feet.
Your magical nature lets you fly swiftly and evasively.
You tend to lose your temper in combat.
You are dopey. (Int -2)
Your magical capacity is low. (-10% MP)
You are occasionally teleported next to monsters.
Your spells are easier to cast, but less powerful.


Message History

You hit the +2 dire flail of protection but do no damage.
You claw the +2 dire flail of protection.
Your peck misses the +2 dire flail of protection.
The +2 dire flail of protection is lightly damaged.
The +2 dire flail of protection hits you.
* * * LOW HITPOINT WARNING * * *
You feel very mighty all of a sudden.
The +2 dire flail of protection completely misses you. x2
You slash the +2 dire flail of protection!
You burn the +2 dire flail of protection.
Your kick misses the +2 dire flail of protection.
The +2 dire flail of protection is almost destroyed.
The +2 dire flail of protection misses you.
The deep elf knight mumbles some strange words.
The deep elf knight flickers and vanishes for a moment.
You slash the +2 dire flail of protection!
The +2 dire flail of protection falls from the air.
You slice the deep elf knight!! You burn the deep elf knight!
You claw the deep elf knight!
You kill the deep elf knight!
You see here 10 stones.
Items here: ( )) [.
You are too injured to fight recklessly!
Reach: G) +9 glaive of Compound Interest {flame, Int+2 Stlth+}
Press: ? - help, Dir - move target, f - +6 war axe of distortion
Aim: a +6 war axe of distortion (haloed, about 28% to evade the +9 glaive of Compound Interest)
You reach to attack!
You closely miss the +6 war axe of distortion.
You miss the +6 war axe of distortion. You claw the +6 war axe of distortion.
Your peck misses the +6 war axe of distortion.
The +6 war axe of distortion is moderately damaged.
The +6 war axe of distortion completely misses you.
You slash the +6 war axe of distortion! You claw the +6 war axe of distortion!
The +6 war axe of distortion is almost destroyed.
The +6 war axe of distortion hits you!!
* * * LOW HITPOINT WARNING * * *
Space warps around you.
* * * LOW HITPOINT WARNING * * *
The +6 war axe of distortion hits you!!
You die...

.###.......#..###..## # .#
##....#.#..##....# # .#
##...#..##..#...# # .#
#..........#...###### #
.#####................)..# ##
...............##>..####.## ##.
.......>......##..(..###..#####..
..####...#.#..##.(..#.#....(.(()#
...#......#.#...@....#....#####..
......................#..## ##.
..#........##....#####)..# ##
..#..........#....####[..# #
...#......#........).....# #
...#......#..##...#).#.#.# #
....#.#..#...#.....####### #
....#....#.......[.# ..# ##.##
#....#..#.........<# ..##...#


You could see a +6 war axe of distortion.

Vanquished Creatures
  12 acid blobs
  Frances (Shoals:1)
  A kraken (Shoals:3)
  9 azure jellies
  8 rockslimes
  A frost giant (D:15)
  The ghost of makewrite the Bludgeoner, a journeyman MiGl of Yredelemnul (Orc:2)
  An orc warlord (Orc:1)
  6 ghost moths
  A deep elf elementalist (Elf:1)
  16 quicksilver oozes
  3 emperor scorpions
  2 very ugly things (Vaults:1)
  A minotaur (Shoals:3)
  2 deep elf annihilators (Elf:1)
  An entropy weaver (Spider:4)
  4 dire elephants (Vaults:1)
  A spark wasp (Spider:4)
  An ettin (shapeshifter) (Elf:1)
  2 merfolk javelineers
  A merfolk impaler (Shoals:2)
  Josephine (Orc:2)
  3 great orbs of eyes
  8 centaur warriors
  6 hydras
  An ironbound frostheart (Vaults:1)
  An ogre mage (D:13)
  3 boulder beetles
  8 two-headed ogres
  An alligator snapping turtle (Shoals:2)
  5 catoblepae
  A death knight (D:11)
  Erica (Lair:1)
  16 death yaks
  15 dancing weapons
  A merfolk aquamancer (Lair:2)
  A satyr (Shoals:3)
  4 tengu warriors
  3 orc high priests (Orc:2)
  Urug (Lair:1)
  8 deep elf knights
  2 skeletal warriors
  The ghost of Jano the Force of Nature, a novice DsFi of Fedhas (D:8)
  A deep troll (Vaults:1)
  8 sea snakes
  5 deep elf archers
  6 lindwurms (Vaults:1)
  12 deep elf zephyrmancers
  A wizard (D:14)
  7 orc knights
  9 harpies
  19 deep elf pyromancers
  33 wolf spiders
  4 orc sorcerers (Orc:2)
  5 shining eyes
  6 cyclopes
  9 manticores
  9 ugly things
  4 oklob plants (Lair:1)
  3 moths of wrath
  18 orb spiders
  A worldbinder (Lair:2)
  3 fauns (Shoals:3)
  7 elephants
  5 merfolk sirens
  2 black mambas
  Maurice (D:11)
  An elephant (shapeshifter) (D:15)
  5 eyes of devastation
  A vault sentinel (Vaults:1)
  4 water nymphs
  5 torpor snails
  2 cane toads
  A rime drake (shapeshifter) (D:14)
  3 rime drakes
  3 gargoyles (D:12)
  An unseen horror (shapeshifter) (D:15)
  A kobold demonologist (D:13)
  8 komodo dragons
  4 entropy weaver simulacra (IceCv)
  5 freezing wraiths
  6 demonic crawlers
  2 very ugly thing simulacra (IceCv)
  11 trolls
  6 meliai
  38 jumping spiders
  27 merfolk
  5 polar bears
  8 hornets
  3 wind drakes
  The ghost of drclinical the Stinger, an amateur DsVM of Uskayaw (D:7)
  3 snapping turtles
  103 slime creatures
  15 blink frogs
  11 dream sheep
  6 air elementals
  8 water elementals
  29 tarantellas
  59 redbacks
  A ynoxinul (D:8)
  7 wraiths
  3 vampires
  79 yaks
  5 golden eyes (Slime:1)
  5 wyverns
  Grum (Lair:1)
  2 steam dragons (D:7)
  A basilisk (Lair:5)
  3 wargs
  An acid dragon (D:11)
  4 demonic crawler simulacra (IceCv)
  9 water moccasins
  A floating eye (Slime:2)
  3 ice beasts
  45 orc warriors
  6 wolves
  3 ugly thing simulacra (IceCv)
  A black bear (D:6)
  A necrophage (D:4)
  12 ogres
  10 centaurs
  A kobold brigand (D:11)
  An earth elemental (Elf:1)
  10 bullfrogs
  A gnoll sergeant (D:11)
  3 scorpions
  14 killer bees
  5 wights (D:7)
  4 howler monkeys
  4 electric eels
  4 lava snakes (Lair:6)
  A bullfrog zombie (D:6)
  4 centaur zombies
  4 jellies
  4 centaur skeletons
  22 orc priests
  2 hounds (D:5)
  2 bullfrog skeletons
  39 orc wizards
  A hound skeleton (D:4)
  3 howler monkey zombies (D:9)
  15 gnolls
  2 howler monkey skeletons
  2 adders (D:4)
  A shadow imp (D:5)
  A white imp (D:5)
  2 ufetubi
  An adder skeleton (D:4)
  3 worms
  2 dart slugs
  100 orcs
  3 bats (D:2)
  4 endoplasms
  2 giant cockroaches
  13 goblins
  2 hobgoblins
  3 quokkas
  6 ball pythons
  2 frilled lizards (D:2)
  5 kobolds
  3 rats
  A plant (Shoals:3)
  5 tentacles (Shoals:3)
1239 creatures vanquished.

Vanquished Creatures (collateral kills)
  A merfolk javelineer (Shoals:3)
  An elephant (Shoals:3)
  2 merfolk (Shoals:3)
4 creatures vanquished.

Vanquished Creatures (others)
  A wizard (Vaults:1)
  A deep elf zephyrmancer (Elf:1)
  2 lindwurms (Vaults:1)
  A slime creature (IceCv)
  An orc (Orc:2)
  13 fungi
  92 plants
  21 tentacles (Shoals:3)
132 creatures vanquished.

Grand Total: 1375 creatures vanquished

Notes
Turn   | Place    | Note
-------+----------+-------------------------------------------
     0 | D:1      | BinkBink the Tengu Monk began the quest for the Orb.
     0 | D:1      | Reached XP level 1. HP: 14/14 MP: 2/2
   243 | D:1      | Reached XP level 2. HP: 14/19 MP: 3/3
   345 | D:1      | Found a faded altar of an unknown god.
   352 | D:1      | Prayed at the altar of an unknown god.
   352 | D:1      | Became a worshipper of the Shining One
   352 | D:1      | Reached * piety under the Shining One
   352 | D:1      | Reached ** piety under the Shining One
   862 | D:2      | Noticed an ogre
   870 | D:2      | Killed an ogre
   871 | D:2      | Reached XP level 3. HP: 23/23 MP: 4/4
   871 | D:2      | Reached XP level 4. HP: 28/28 MP: 5/5
   885 | D:2      | Reached *** piety under the Shining One
  1773 | D:3      | Noticed a scorpion
  1790 | D:3      | Killed a scorpion
  1791 | D:3      | Reached skill level 5 in Polearms
  1791 | D:3      | Reached skill level 5 in Dodging
  1791 | D:3      | Gained mutation: Your magical nature lets you fly swiftly
                  | and evasively. [Tengu growth]
  1791 | D:3      | Reached XP level 5. HP: 9/32 MP: 6/6
  2405 | D:3      | Found Zioloni's General Store.
  3048 | D:4      | You are sucked into a shaft and drop 2 floors!
  3092 | D:6      | Reached XP level 6. HP: 25/37 MP: 7/7
  3844 | D:5      | Entered Level 5 of the Dungeon
  3987 | D:4      | Noticed a necrophage
  4006 | D:4      | Killed a necrophage
  4007 | D:4      | Reached XP level 7. HP: 40/41 MP: 8/8
  4015 | D:4      | Found a staircase to the Ecumenical Temple.
  4809 | D:5      | Reached **** piety under the Shining One
  4810 | D:5      | Reached XP level 8. HP: 43/46 MP: 9/9
  5838 | D:5      | Found a basalt altar of Yredelemnul.
  5838 | D:5      | Found an opulent altar of Gozag.
  5847 | D:5      | Found a stormy altar of Qazlal.
  5849 | D:5      | Found an iron altar of Okawaru.
  5851 | D:5      | Found a faded altar of an unknown god.
  6198 | D:6      | Found Apoef's Antique Weapon Shop.
  6213 | D:6      | The Shining One protects you from harm!
  6223 | D:6      | HP: 3/69 [poisoned by a scorpion]
  6679 | D:6      | Bought a crystal halberd for 198 gold pieces
  6679 | D:6      | Identified the +6 halberd of Olosch Ippo {vorpal, rC+
                  | Str+2} (You bought it in a shop on level 6 of the Dungeon)
  7046 | D:7      | Reached XP level 9. HP: 48/50 MP: 10/10
  7066 | D:7      | Found a runed translucent gate.
  7066 | D:7      | Found a runed translucent gate.
  7066 | D:7      | Found a runed translucent gate.
  7067 | D:7      | Found an opulent altar of Gozag.
  7068 | D:7      | Noticed a cyclops
  7069 | D:7      | Noticed drclinical's ghost (amateur DsVM)
  7463 | D:7      | Reached skill level 10 in Polearms
  7463 | D:7      | Reached skill level 10 in Dodging
  7600 | D:7      | Identified the amulet "Keakimmi" {Spirit MP+9}
  7993 | D:8      | Found a runed translucent door.
  8009 | D:8      | Noticed Jano's ghost (novice DsFi)
  8210 | D:8      | Reached ***** piety under the Shining One
  8241 | D:8      | Reached XP level 10. HP: 20/56 MP: 9/11
  8527 | D:8      | Found Leb Adoh's Armour Emporium.
  8648 | D:8      | Noticed a centaur warrior
  9067 | D:8      | Killed a centaur warrior
  9930 | D:9      | Noticed a tengu warrior
  9937 | D:9      | Killed a tengu warrior
  9938 | D:9      | Reached skill level 5 in Fighting
 10339 | D:10     | Entered Level 10 of the Dungeon
 10339 | D:10     | Found a staircase to the Orcish Mines.
 10401 | D:10     | Noticed a deep elf pyromancer
 10406 | D:10     | Killed a deep elf pyromancer
 10451 | D:10     | Found a radiant altar of Vehumet.
 10545 | D:10     | Reached XP level 11. HP: 52/64 MP: 12/12
 11244 | Orc:1    | Entered Level 1 of the Orcish Mines
 11244 | Orc:1    | Noticed a cyclops
 11383 | D:11     | Noticed a death knight
 11383 | D:11     | Noticed a skeletal warrior
 11553 | D:11     | Noticed a cyclops
 11792 | D:11     | Noticed a two-headed ogre
 11833 | D:11     | Noticed a manticore
 11845 | D:11     | Killed a two-headed ogre
 11847 | D:11     | Killed a manticore
 11959 | D:11     | Noticed a skeletal warrior
 12091 | D:11     | Found a staircase to the Lair.
 12135 | D:11     | Killed a cyclops
 12406 | D:10     | Killed a skeletal warrior
 12445 | D:11     | Noticed Maurice
 12658 | D:11     | Killed Maurice
 12713 | D:11     | Found a bloodstained altar of Trog.
 13094 | D:12     | Noticed a centaur warrior
 13388 | D:10     | Killed a cyclops
 13610 | Orc:1    | Reached XP level 12. HP: 73/73 MP: 13/13
 14196 | Orc:1    | Noticed an orc warlord
 14332 | Orc:1    | Killed an orc warlord
 14684 | Orc:2    | Entered Level 2 of the Orcish Mines
 14771 | Orc:2    | Found a transporter.
 14788 | Orc:2    | Noticed Josephine
 14789 | Orc:2    | Noticed makewrite's ghost (journeyman MiGl)
 14923 | Orc:2    | Killed Josephine
 15393 | Orc:2    | Found a transporter.
 15498 | Orc:2    | Reached skill level 1 in Armour
 15910 | Orc:2    | Reached ****** piety under the Shining One
 16126 | Orc:2    | Found a staircase to the Elven Halls.
 16165 | Orc:2    | Noticed an orc high priest
 16165 | Orc:2    | Noticed an orc high priest
 16173 | Orc:2    | Killed an orc high priest
 16173 | Orc:2    | Noticed an orc high priest
 16174 | Orc:2    | Reached skill level 10 in Fighting
 16176 | Orc:2    | Killed an orc high priest
 16177 | Orc:2    | Reached skill level 15 in Polearms
 16180 | Orc:2    | Reached XP level 13. HP: 79/82 MP: 14/14
 16737 | Orc:2    | Found Juqayr's Antique Armour Shop.
 16737 | Orc:2    | Found Bustiof's Antique Armour Emporium.
 16739 | Orc:2    | Found Sutuph's Jewellery Shop.
 16739 | Orc:2    | Found Ryuf's Antique Weapon Emporium.
 16973 | Lair:1   | Entered Level 1 of the Lair of Beasts
 16973 | Lair:1   | Noticed Grum
 16985 | Lair:1   | Killed Grum
 16986 | Lair:1   | Reached skill level 5 in Armour
 17081 | Lair:1   | Noticed Urug
 17092 | Lair:1   | Killed Urug
 17366 | Lair:1   | Noticed Erica
 17376 | Lair:1   | Killed Erica
 18345 | Lair:2   | Found a staircase to the Shoals.
 18380 | Lair:2   | Found a transporter.
 18423 | Lair:2   | Noticed a rakshasa
 18430 | Lair:2   | Found a transporter.
 18879 | Lair:2   | Found a one-way gate to the infinite horrors of the Abyss.
 18887 | Lair:2   | Noticed Wics's ghost (journeyman OpVM)
 19804 | Lair:4   | Found a hole to the Spider Nest.
 19819 | Lair:4   | Reached XP level 14. HP: 65/92 MP: 14/15
 20066 | Lair:4   | You are sucked into a shaft and drop 2 floors!
 20066 | Lair:6   | Entered Level 6 of the Lair of Beasts
 20432 | Lair:6   | Reached skill level 10 in Armour
 20677 | Lair:6   | Found a viscous altar of Jiyva.
 20677 | Lair:6   | Found a staircase to the Slime Pits.
 21692 | Lair:5   | Reached XP level 15. HP: 97/100 MP: 16/16
 23701 | D:13     | Reached skill level 15 in Fighting
 24871 | D:14     | Found a flagged portal.
 24881 | Bailey   | Entered a bailey
 25276 | D:14     | Found a gate to the Vaults.
 25408 | D:14     | Found Unga Ataunakk's Distillery.
 25455 | D:14     | Found a frozen archway.
 25477 | IceCv    | Entered an ice cave
 25687 | IceCv    | Reached XP level 16. HP: 111/111 MP: 17/17
 25914 | IceCv    | Noticed an azure jelly
 26326 | IceCv    | Noticed an azure jelly
 26337 | IceCv    | Killed an azure jelly
 26382 | IceCv    | Found a viscous altar of Jiyva.
 26382 | IceCv    | Noticed an azure jelly
 26385 | IceCv    | Noticed a rockslime
 26385 | IceCv    | Noticed an azure jelly
 26399 | IceCv    | Killed an azure jelly
 26400 | IceCv    | Reached skill level 15 in Armour
 26402 | IceCv    | Killed a rockslime
 26411 | IceCv    | Killed an azure jelly
 26525 | IceCv    | Got the Papyrus of Cold
 26547 | IceCv    | Got the ring "Koohyxtua" {Ice Dex+2 Slay+3}
 27584 | D:15     | Entered Level 15 of the Dungeon
 28379 | D:15     | Found a staircase to the Depths.
 29136 | Shoals:1 | Entered Level 1 of the Shoals
 29136 | Shoals:1 | Noticed Frances
 29136 | Shoals:1 | Found Jiopleept's Book Emporium.
 29207 | Spider:1 | Entered Level 1 of the Spider Nest
 31096 | Spider:2 | Reached XP level 17. HP: 95/122 MP: 18/18
 31363 | Spider:2 | Reached skill level 15 in Dodging
 33438 | Spider:4 | Entered Level 4 of the Spider Nest
 33633 | Spider:4 | Identified the +7 short sword "Gukusauk" {flame, Str+2}
 35339 | Spider:4 | Got a gossamer rune of Zot
 35732 | Elf:1    | Entered Level 1 of the Elven Halls
 35732 | Elf:1    | Found a runed translucent gate.
 35732 | Elf:1    | Found a runed translucent gate.
 35732 | Elf:1    | Found a runed translucent gate.
 35732 | Elf:1    | Found a runed translucent gate.
 35732 | Elf:1    | Found a runed translucent gate.
 35732 | Elf:1    | Found a runed translucent gate.
 35995 | Shoals:1 | Killed Frances
 35996 | Shoals:1 | Found Nech's Antique Weapon Shop.
 36706 | D:7      | Killed drclinical's ghost
 36806 | D:8      | Killed Jano's ghost
 36816 | D:8      | Got the Grimoire of the Jabberwock
 37222 | Orc:2    | Killed makewrite's ghost
 37427 | Lair:2   | Reached XP level 18. HP: 114/131 MP: 19/19
 37490 | Shoals:1 | Bought a crystal bardiche for 406 gold pieces
 37490 | Shoals:1 | Identified the +2 bardiche "Zaadam" {freeze, rElec rCorr}
                  | (You bought it in a shop on level 1 of the Shoals)
 37552 | Shoals:1 | Found Icauw's Antique Weapon Shoppe.
 38076 | Shoals:1 | Found Viutt's Antique Weapon Emporium.
 38084 | Shoals:1 | Bought a transparent glaive for 448 gold pieces
 38084 | Shoals:1 | Identified the +9 glaive of Compound Interest {flame, Int+2
                  | Stlth+} (You bought it in a shop on level 1 of the Shoals)
 38195 | Shoals:1 | Found Cithuas's Merfolk Weapons.
 38195 | Shoals:1 | Found Cithuas's Visitors' Centre.
 38263 | Shoals:1 | Found Cithuas's Merfolk Armours.
 38263 | Shoals:1 | Found Cithuas's Merfolk Magic.
 39246 | Shoals:3 | Found a flickering gateway to a bazaar.
 39261 | Bazaar   | Entered a bazaar
 39261 | Bazaar   | Found Qome's Magic Scroll Boutique.
 39261 | Bazaar   | Found Qyppix's General Store.
 39375 | Bazaar   | Bought a scroll of enchant armour for 82 gold pieces
 39375 | Bazaar   | Bought a scroll of enchant weapon for 82 gold pieces
 39384 | Bazaar   | Found Niefih's Book Shop.
 39433 | Bazaar   | Found Taotimui's Book Boutique.
 39590 | Shoals:3 | Reached skill level 5 in Stealth
 40292 | Shoals:3 | Found a hide-covered altar of Uskayaw.
 40317 | Shoals:3 | Identified the +4 fustibalus "Demonslayer" {flame, *Corrode
                  | rPois rF+ Dex+6}
 40405 | Shoals:3 | Noticed Polyphemus
 41277 | Slime:1  | Entered Level 1 of the Pits of Slime
 41399 | Slime:1  | Gained mutation: You are dopey. (Int -2) [a shining eye]
 41400 | Slime:1  | Gained mutation: Your spells are a little easier to cast,
                  | but a little less powerful. [a shining eye]
 42279 | Slime:1  | Paralysed by a great orb of eyes for 4 turns
 43703 | Slime:1  | Reached XP level 19. HP: 131/136 MP: 20/20
 44317 | Slime:5  | Entered Level 5 of the Pits of Slime
 44364 | Slime:5  | Gained mutation: Your spells are easier to cast, but less
                  | powerful. [a shining eye]
 44365 | Slime:5  | Gained mutation: You are occasionally teleported next to
                  | monsters. [a shining eye]
 44406 | Slime:5  | Reached skill level 10 in Stealth
 44420 | Slime:5  | Found a viscous altar of Jiyva.
 44431 | Slime:5  | Noticed the Royal Jelly
 45064 | Slime:3  | Paralysed by a floating eye for 2 turns
 46315 | Slime:5  | Gained mutation: You tend to lose your temper in combat. [a
                  | shining eye]
 46335 | Slime:5  | Gained mutation: Your magical capacity is low. (-10% MP) [a
                  | shining eye]
 47051 | Vaults:1 | Entered Level 1 of the Vaults
 47106 | Vaults:1 | Noticed Nikola
 47708 | Vaults:1 | Found Luodd's Distillery.
 48021 | Elf:1    | Found a runed translucent door.
 48023 | Elf:1    | Found a runed translucent door.
 48128 | Elf:1    | Noticed Jorgrun
 48464 | Elf:1    | Identified the +9 mace of the Gloaming {vorpal, *Slow Fly
                  | Dex+2}
 48755 | Elf:1    | Paralysed by an air elemental for 1 turns
 49264 | Elf:1    | Reached XP level 20. HP: 139/142 MP: 19/19
 49639 | Elf:2    | Found a huge runed translucent gate.
 49639 | Elf:2    | Found a huge runed translucent gate.
 49639 | Elf:2    | Found a huge runed translucent gate.
 49639 | Elf:2    | Found a huge runed translucent gate.
 49640 | Elf:2    | Found a huge runed translucent gate.
 50197 | Elf:2    | Paralysed by an air elemental for 1 turns
 50471 | Elf:2    | Slain by a +6 war axe of distortion

Illustrated notes

Levels and vault maps discovered:
D:1:      scummos_arrival_checkerplants, layout_loops_cross,
          shapermc_ecumenical_altar_mp_ritualfount
D:2:      layout_basic
D:3:      layout_loops_corners, serial_shops, nicolae_shop_stone, minivault_23
D:4:      layout_loops_ring, minmay_temple_entry_junction_2,
          hangedman_decor_push
D:5:      layout_loops_ring, chequers_temple_overflow_minitemple
D:6:      layout_basic, serial_shops, shop, minmay_misc_feat_tiny,
          eino_small_chamber_without_monster
D:7:      layout_loops_ring, ebering_ghost_gozag, dk_rats_in_the_wall
D:8:      layout_gridville, serial_shops, nicolae_square_shop,
          hellmonk_ghost_big_iron
D:9:      layout_basic, nrook_campfire
D:10:     layout_rooms, mainiacjoe_overflow_alcove_1,
          minmay_orc_entry_temple_small
D:11:     layout_rooms, david_lair_shrubbed, trog_antimagical, uniq_maurice
D:12:     layout_rooms
D:13:     layout_basic
D:14:     layout_layer_cave, david_vaults_1, hangedman_decor_riveting,
          portal_ice_cave_entry_frozen_things, lightli_bailey_entry_fortress,
          serial_shops, nicolae_shop_hallway_stairs
D:15:     grunt_enter_depths_snipers, layout_long_grid,
          hangedman_abyss_or_decor_passed
Lair:1:   minmay_lair_oklob_tunnel, layout_loops_ring,
          infiniplex_staircase_pool_2, uniq_urug, uniq_erica, uniq_grum
Lair:2:   layout_regular_city, elwin_shoals_entry_stream,
          gammafunk_ghost_abyssal_escape, serial_bayou_shore_b,
          grunt_megastairs_5, infiniplex_staircase_pool
Lair:3:   layout_regular_city, grunt_megastairs_2
Lair:4:   layout_layer_cave, nicolae_spider_entry_tight_spaces, st_stairs_5
Lair:5:   layout_small_grid
Lair:6:   evilmike_catoblepas_cave, layout_gridlike, slime_altar_1,
          nicolae_lair_liquid_snakes, serial_bayou_shore_b, grunt_megastairs_3
Shoals:1: nicolae_shoals_mermall, layout_shoals, serial_shops, shop,
          nicolae_shop_advertising_works [nicolae_subvault_shop_adworks],
          nicolae_shop_overgrown_old_shop, nicolae_shop_hallway_stairs,
          nicolae_shoals_wave_tunnel, uniq_frances
Shoals:2: layout_shoals
Shoals:3: layout_shoals, serial_shops, bzr_in_the_mist,
          regret_index_shoals_crete, uniq_polyphemus
Spider:1: nicolae_spider_hilbert_zone_3 [nicolae_spider_hilbert_4_sides_2_open,
          nicolae_spider_hilbert_3_sides_1_open,
          nicolae_spider_hilbert_3_sides_1_open,
          nicolae_spider_hilbert_3_sides_1_open,
          nicolae_spider_hilbert_3_sides_1_open,
          nicolae_spider_hilbert_4_sides_1_open,
          nicolae_spider_hilbert_4_sides_1_open,
          nicolae_spider_hilbert_4_sides_1_open,
          nicolae_spider_hilbert_4_sides_1_open,
          nicolae_spider_hilbert_4_sides_1_open,
          nicolae_spider_hilbert_4_sides_1_open,
          nicolae_spider_hilbert_4_sides_1_open,
          nicolae_spider_hilbert_4_sides_1_open,
          nicolae_spider_hilbert_3_sides_1_open,
          nicolae_spider_hilbert_3_sides_1_open,
          nicolae_spider_hilbert_3_sides_1_open,
          nicolae_spider_hilbert_3_sides_1_open]
Spider:2: layout_chambers
Spider:3: layout_chambers, hangedman_spider_tarantella_strand
Spider:4: grunt_spider_rune_parallel, drop_trap
Slime:1:  layout_caves
Slime:2:  layout_caves
Slime:3:  layout_caves
Slime:4:  cheibrodos_slime_lost_civilization_8, layout_caves
Slime:5
Orc:1:    layout_caves, hangedman_feature_mirror, minmay_orc_temple_a
Orc:2:    grunt_orc_tribal_feast, layout_caves, gammafunk_ghost_arena,
          minmay_orc_keep, uniq_josephine
Elf:1:    nicolae_elf_arrival_dilemma, layout_gridlike,
          hangedman_corner_corridor, uniq_jorgrun
Elf:2:    elven_hall_of_blades_hangedman_alternative
          [infiniplex_blade_entry_pillars], layout_rooms,
          serial_sigils_hangedman_etch
Vaults:1: nicolae_vaults_border_crossing, v_misc_2, hangedman_vaults_trim,
          nicolae_vaults_mini_display_case, grunt_vaults_trifunnel,
          vaults_room_hallway, nicolae_vaults_sealed_display,
          layout_vaults_omnigrid, serial_shops, shop,
          nicolae_shop_overgrown_old_shop, shop, uniq_nikola

Skill      XL: |  1  2  3  4  5  6  7  8  9 10 11 12 13 14 15 16 17 18 19 20 |
---------------+-------------------------------------------------------------+-----
Polearms       | 4 5 6 7 9 11 12 13 15 16 | 16.0
Dodging        | 4 5 6 7 9 11 12 13 14 16 18 20 | 20.6
Fighting       | 5 8 10 12 14 16 19 20 | 20.6
Armour         | 3 8 11 14 16 18 | 18.1
Stealth        | 9 12 13 | 13.6

Action                   |  1- 3 |  4- 6 |  7- 9 | 10-12 | 13-15 | 16-18 | 19-21 || total
-------------------------+-------+-------+-------+-------+-------+-------+-------++-------
Melee: Spear             |    52 |   159 |   172 |       |       |       |       ||   383
       Kick              |     9 |    38 |    79 |   151 |   387 |   516 |   204 ||  1384
       Peck              |     8 |    28 |    59 |    97 |   215 |   333 |   130 ||   870
       Halberd           |       |       |    88 |   556 |  1066 |  1029 |       ||  2739
       Glaive            |       |       |       |       |       |   474 |   621 ||  1095
Evoke: Wand              |       |       |       |    12 |     3 |     2 |       ||    17
  Use: Potion            |       |     6 |     4 |     5 |     3 |    13 |     4 ||    35
       Scroll            |       |       |       |    17 |       |    18 |     8 ||    43
 Stab: Sleeping          |     1 |       |       |       |       |       |       ||     1
Armor: Robe              |     3 |     5 |     7 |     8 |       |       |       ||    23
       Skin              |       |       |     3 |       |       |       |       ||     3
       Troll leather arm |       |       |       |     4 |    48 |   105 |    28 ||   185
Dodge: Dodged            |    22 |    78 |   137 |   375 |   652 |  1626 |   493 ||  3383

Table legend: (Time is in decaauts)
 A = Elapsed time spent in this place.
 B = Non-inter-level travel time spent in this place.
 C = Inter-level travel time spent in this place.
 D = Time resting spent in this place.
 E = Time spent auto-exploring this place.
 F = Levels seen in this place.
 G = Mean time per level.
                   A        B        C        D        E       F      G
               +--------+--------+--------+--------+--------+-----+--------+
         Total |  46796 |  43177 |   3619 |      0 |  31684 |  41 | 1141.4 |
       Dungeon |  17880 |  16241 |   1639 |      0 |  13350 |  15 | 1192.0 |
          Lair |   6885 |   5944 |    941 |      0 |   4601 |   6 | 1147.5 |
        Shoals |   3210 |   3086 |    124 |      0 |   2037 |   3 | 1070.0 |
   Spider Nest |   5773 |   5590 |    183 |      0 |   4427 |   4 | 1443.2 |
    Slime Pits |   5071 |   4726 |    345 |      0 |   3365 |   5 | 1014.2 |
  Orcish Mines |   3400 |   3017 |    383 |      0 |   1810 |   2 | 1700.0 |
   Elven Halls |   2306 |   2304 |      2 |      0 |    994 |   2 | 1153.0 |
        Vaults |    672 |    672 |      0 |      0 |    121 |   1 |  672.0 |
        Bazaar |    262 |    262 |      0 |      0 |    179 |   1 |  262.0 |
        Bailey |    275 |    275 |      0 |      0 |    156 |   1 |  275.0 |
      Ice Cave |   1058 |   1058 |      0 |      0 |    638 |   1 | 1058.0 |
               +--------+--------+--------+--------+--------+-----+--------+

Top non-repeatable levels by time:
    D:10: 2351 daAuts
     D:6: 1822 daAuts
   Orc:1: 1738 daAuts
Spider:4: 1714 daAuts
  Lair:6: 1703 daAuts
   Orc:2: 1661 daAuts
Spider:2: 1474 daAuts
 Slime:3: 1471 daAuts
   Elf:1: 1395 daAuts
Spider:3: 1387 daAuts
Shoals:3: 1364 daAuts
    D:14: 1360 daAuts
  Lair:2: 1317 daAuts
 Slime:4: 1239 daAuts
     D:8: 1232 daAuts
